 Dungeon Crawl Stone Soup version 0.28-a0-706-gf6f64a616a (webtiles) character file.

Game seed: 13728773737579513284

101 KoroneIsBestGirl the Skirmisher (level 4, -7/38 HPs)
             Began as a Barachi Fighter on Oct 24, 2021.
             Was a Believer of Cheibriados.
             Mangled by a gnoll (11 damage)
             ... on level 3 of the Dungeon.
             The game lasted 00:01:07 (2476 turns).

KoroneIsBestGirl the Skirmisher (Barachi Fighter)   Turns: 2476, Time: 00:01:08

Health: -7/38      AC:  7    Str: 22    XL:     4   Next: 75%
Magic:  4/4        EV:  9    Int: 12    God:    Cheibriados [**....]
Gold:   148        SH:  5    Dex: 16    Spells: 3/3 levels left

rFire   . . .      SeeInvis .   a - +0 long sword
rCold   . . .      Faith    .   c - +0 buckler
rNeg    . . .      Spirit   .   b - +0 scale mail
rPois   .          Reflect  .   (no helmet)
rElec   .          Harm     .   (no cloak)
rCorr   .          Rampage  .   (no gloves)
Will    .....                   (no boots)
Stlth   ..........              (no amulet)
HPRegen 0.12/turn               (no ring)
MPRegen 0.09/turn               (no ring)

@: unable to hop, very slow
A: amphibious, slowness 1, strong legs 1, +LOS
a: Hop, Renounce Religion, Bend Time


You were on level 3 of the Dungeon.
You worshipped Cheibriados.
Cheibriados was pleased with you.
You visited 1 branch of the dungeon, and saw 3 of its levels.

You collected 148 gold pieces.

Inventory:

Hand Weapons
 a - a +0 long sword (weapon)
Armour
 b - a +0 scale mail (worn)
 c - a +0 buckler (worn)
Scrolls
 f - 2 scrolls of immolation {unknown}
Potions
 d - a potion of might
 e - a potion of flight {unknown}
 g - a potion of heal wounds {unknown}
 h - a potion of cancellation {unknown}
 i - a potion of curing {unknown}


   Skills:
 + Level 4.5 Fighting
 + Level 3.5 Long Blades
 + Level 4.5 Armour
 - Level 4.0 Shields


You had 3 spell levels left.
You didn't know any spells.
Your spell library was empty.

Dungeon Overview and Level Annotations

Branches:
Dungeon (3/15)

Altars:
Cheibriados

Annotations:
D:2 1 runed translucent door, Crazy Yiuf, Sigmund


Innate Abilities, Weirdness & Mutations

You are amphibious.
You cover ground slowly.
You can hop short distances.
You have an extended range of vision and can be seen from far away.


Message History

You are too injured to fight recklessly!
You are too injured to fight recklessly!
You are too injured to fight recklessly!
You are too injured to fight recklessly!
You are too injured to fight recklessly!
You are too injured to fight recklessly!
You are too injured to fight recklessly!
You are too injured to fight recklessly!
You are too injured to fight recklessly!
You are too injured to fight recklessly!
You are too injured to fight recklessly!
You are too injured to fight recklessly!
You are too injured to fight recklessly!
You are too injured to fight recklessly!
You are too injured to fight recklessly!
You are too injured to fight recklessly!
You are too injured to fight recklessly!
You are too injured to fight recklessly!
Hop to where?
Press: ? - help, Dir - move target You can't see that place. [the floor.]
Okay, then.
The gnoll barely misses you.
Hop to where?
Press: ? - help, Dir - move target Boing!
The gnoll hits you with a +0 flail.
* * * LOW HITPOINT WARNING * * *
The gnoll barely misses you. The gnoll barely misses you.
The gnoll hits you from afar with a +0 spear.
* * * LOW HITPOINT WARNING * * *
The gnoll hits you from afar with a +0 spear.
* * * LOW HITPOINT WARNING * * *
The gnoll hits you with a +0 flail.
* * * LOW HITPOINT WARNING * * *
There is a stone staircase leading up here.
The gnoll hits you with a +0 flail!
You die...

#.# #.# #.#
#.# ##.###
#....# #....#
######....#
#@ggg.....#
######....###.
#...........#
#g##....#####
#.####### #g#
#g# #.# #:#


You could see 3 gnolls.

Vanquished Creatures
  Natasha (thrice) (D:2)
  A dart slug (D:1)
  3 ball pythons
  An endoplasm (D:1)
  3 goblins (D:2)
  3 hobgoblins
  A quokka (D:2)
  6 bats
  A frilled lizard (D:1)
  4 rats (D:2)
26 creatures vanquished.

Vanquished Creatures (others)
  A fungus (D:2)
1 creature vanquished.

Grand Total: 27 creatures vanquished

Notes
Turn   | Place    | Note
-------+----------+-------------------------------------------
     0 | D:1      | KoroneIsBestGirl the Barachi Fighter began the quest for
                  | the Orb.
     0 | D:1      | Reached XP level 1. HP: 18/18 MP: 1/1
   150 | D:1      | Found a faded altar of an unknown god.
   223 | D:1      | Prayed at the altar of an unknown god.
   223 | D:1      | Became a worshipper of Cheibriados the Contemplative
   223 | D:1      | Reached * piety under Cheibriados
   427 | D:1      | Reached XP level 2. HP: 24/25 MP: 2/2
   939 | D:2      | Found a runed translucent door.
   939 | D:2      | Noticed Sigmund
   940 | D:2      | Noticed Crazy Yiuf
  1485 | D:2      | Noticed Natasha
  1489 | D:2      | Killed Natasha
  1490 | D:2      | Reached XP level 3. HP: 30/30 MP: 3/3
  1582 | D:2      | Reached ** piety under Cheibriados
  1630 | D:2      | Noticed Natasha
  1640 | D:2      | Killed Natasha
  1641 | D:2      | Reached XP level 4. HP: 4/38 MP: 4/4
  2254 | D:2      | Noticed Natasha
  2260 | D:2      | Killed Natasha
  2476 | D:3      | Mangled by a gnoll

Illustrated notes

Levels and vault maps discovered:
D:1:      dpeg_arrival_castle, layout_loops_corners,
          ebering_ecumenical_altar_petrified
D:2:      layout_loops_ring, uniq_natasha, uniq_crazy_yiuf_cottage, uniq_sigmund
D:3:      layout_basic, corexii_leaking_fountain,
          minmay_fractal_squares_gapless_5

Skill      XL: |  1  2  3 |
---------------+----------+-----
Fighting       | 4 |  4.5
Long Blades    | 3 |  3.5
Armour         | 4 |  4.5
Shields        | 4 |  4.0

Action                   |  1- 3 |  4- 6 || total
-------------------------+-------+-------++-------
Melee: Long sword        |    61 |     5 ||    66
 Abil: Hop               |       |     1 ||     1
Armor: Scale mail        |    27 |       ||    27
Dodge: Dodged            |    24 |     6 ||    30
Block: Buckler           |    21 |     2 ||    23

Table legend: (Time is in decaauts)
 A = Elapsed time spent in this place.
 B = Non-inter-level travel time spent in this place.
 C = Inter-level travel time spent in this place.
 D = Time resting spent in this place.
 E = Time spent auto-exploring this place.
 F = Levels seen in this place.
 G = Mean time per level.
                   A        B        C        D        E       F      G
               +--------+--------+--------+--------+--------+-----+--------+
         Total |   3367 |   3202 |    165 |    571 |   2381 |   3 | 1122.3 |
       Dungeon |   3367 |   3202 |    165 |    571 |   2381 |   3 | 1122.3 |
               +--------+--------+--------+--------+--------+-----+--------+

Top non-repeatable levels by time:
     D:2: 2070 daAuts
     D:1: 1255 daAuts
     D:3: 41 daAuts
